 Dungeon Crawl Stone Soup version 0.20.0-10-g0535bb4 (webtiles) character file.

554 MTVSty1e the Chopper (level 7, -1/44 HPs)
             Began as a Gargoyle Fighter on June 4, 2017.
             Killed by divine providence
             ... invoked by an orc priest
              (11 damage)
             ... on level 4 of the Dungeon.
             The game lasted 00:04:50 (2494 turns).

MTVSty1e the Chopper (Gargoyle Fighter)             Turns: 2494, Time: 00:04:51

Health: -1/44      AC: 15    Str: 22    XL:     7   Next: 30%
Magic:  7/7        EV:  7    Int:  8    God:
Gold:   180        SH:  9    Dex:  9    Spells: 6/6 levels left

rFire    . . .     SeeInvis .   a - +0 war axe
rCold    . . .     Gourm    .   c - +0 shield
rNeg     + . .     Faith    .   b - +0 scale mail
rPois    ∞         Spirit   .   f - +2 helmet
rElec    +         Reflect  .   l - +0 cloak
rCorr    .         Harm     .   (no gloves)
MR       .....                  (no boots)
Stlth    ..........             (no amulet)
Regen    0.2/turn               (no ring)
MPRegen  0.1/turn               (no ring)

@: no status effects
A: negative energy resistance 1, electricity resistance, unbreathing,
petrification resistance, rot immunity, AC +4
a: no special abilities


You were on level 4 of the Dungeon.
You were not hungry.

You visited 1 branch of the dungeon, and saw 4 of its levels.
You also visited: Sewer.

You collected 180 gold pieces.

Inventory:

Hand Weapons
 a - a +0 war axe (weapon)
Armour
 b - a +0 scale mail (worn)
 c - a +0 shield (worn)
 f - a +2 helmet (worn)
 l - a +0 cloak (worn)
Wands
 v - a wand of confusion (32/48)
Scrolls
 e - a scroll of enchant armour {unknown}
 h - 3 scrolls of remove curse
 i - 3 scrolls of blinking
 r - 2 scrolls of identify
 u - 2 scrolls of magic mapping
Potions
 g - a potion of berserk rage {unknown}
 j - a potion of haste {unknown}
 k - a potion of brilliance {unknown}
 m - a potion of resistance
 n - a potion of curing
 o - a potion of agility {unknown}
 q - 2 potions of flight {unknown}
 s - a potion of lignification {unknown}
Comestibles
 d - a bread ration
 p - 2 meat rations


   Skills:
 + Level 5.5 Fighting
 * Level 6.0 Axes
 - Level 3.2 Armour
 - Level 3.2 Shields


You had 6 spell levels left.
You didn't know any spells.

Dungeon Overview and Level Annotations

Branches:
Dungeon (4/15)
 Temple: D:4-7

Altars:
Beogh


Innate Abilities, Weirdness & Mutations

You are resistant to torment.
Your stone body is resilient. (AC +4)
You are immune to poison.
You resist negative energy. (rN+)
You are resistant to electric shocks. (rElec)
You can survive without breathing.
You are immune to petrification.
You are immune to rotting.


Message History

Your Axes skill increases to level 6!
The orc priest invokes the aid of Beogh against you.
Beogh smites you! The orc wizard barely misses you.
You completely miss the orc wizard.
The orc wizard looks encouraged for a moment.
You slash the orc priest!
The orc priest is almost dead.
You hit the orc wizard but do no damage.
You block the orc wizard's attack. You block the orc priest's attack.
The orc wizard hits you but does no damage.
You hit the orc priest but do no damage.
The orc priest is almost dead.
You closely miss the orc wizard.
The orc wizard gestures at you while chanting.
The puff of flame hits you!
* * * LOW HITPOINT WARNING * * *
The orc priest looks satisfied for a moment.
The orc priest calls down the wrath of Beogh upon you.
Beogh smites you!
You die...

##########
#........#
+........+
#........#
#........##
#.........##
#...#####o@#
#####o.$##o#
#$8.8.#o#
#_o$..'o#
#.8$8.###
##$..# ####


You could see 2 orc priests, an orc wizard and an orc.

Vanquished Creatures
  Sigmund (D:4)
  A big kobold (Sewer)
  2 orc priests
  A hound (D:4)
  Crazy Yiuf (D:2)
  A worker ant (D:4)
  Robin (D:4)
  2 adders
  3 gnolls (D:3)
  An ooze (D:3)
  5 worms
  2 dart slugs
  3 leopard geckos
  4 orcs (D:3)
  6 giant cockroaches
  16 goblins
  12 hobgoblins
  6 jackals
  2 ball pythons (D:2)
  5 bats
  4 frilled lizards
  10 kobolds
  12 rats
101 creatures vanquished.

Notes
Turn   | Place    | Note
-------+----------+-------------------------------------------
     0 | D:1      | MTVSty1e the Gargoyle Fighter began the quest for the Orb.
     0 | D:1      | Reached XP level 1. HP: 14/14 MP: 1/1
    63 | D:1      | Reached skill level 2 in Axes
   168 | D:1      | Reached XP level 2. HP: 17/19 MP: 2/2
   649 | D:2      | Reached XP level 3. HP: 22/23 MP: 3/3
   748 | D:2      | Reached skill level 3 in Axes
   817 | D:2      | Reached XP level 4. HP: 23/29 MP: 4/4
   886 | D:2      | Found a runed door.
   891 | D:2      | Noticed Crazy Yiuf
   894 | D:2      | Killed Crazy Yiuf
  1301 | D:3      | Found a glowing drain.
  1321 | Sewer    | Entered a sewer
  1376 | Sewer    | Noticed a big kobold
  1399 | Sewer    | Killed a big kobold
  1399 | Sewer    | Reached skill level 4 in Axes
  1399 | Sewer    | Reached XP level 5. HP: 28/34 MP: 5/5
  1422 | Sewer    | Found a white marble altar of Elyvilon.
  1623 | D:3      | Found a faded altar of an unknown god.
  1659 | D:3      | Reached XP level 6. HP: 39/39 MP: 6/6
  2042 | D:3      | Reached skill level 5 in Axes
  2164 | D:4      | Noticed Sigmund
  2169 | D:4      | Reached skill level 5 in Fighting
  2194 | D:4      | Killed Sigmund
  2194 | D:4      | Reached XP level 7. HP: 16/44 MP: 7/7
  2327 | D:4      | Noticed Robin
  2339 | D:4      | Killed Robin
  2470 | D:4      | Found a roughly hewn altar of Beogh.
  2491 | D:4      | Reached skill level 6 in Axes
  2494 | D:4      | Killed from afar by an orc priest

Skill      XL: |  1  2  3  4  5  6  7 |
---------------+----------------------+-----
Axes           | 2 3 4 5 6 |  6.0
Fighting       | 4 5 |  5.5
Armour         | |  3.2
Shields        | |  3.2

Action                   |  1- 3 |  4- 6 |  7- 9 || total
-------------------------+-------+-------+-------++-------
Melee: War axe           |   134 |   172 |    32 ||   338
  Use: Scroll            |     6 |     2 |     1 ||     9
       Potion            |       |     4 |       ||     4
  Eat: Fruit             |       |     2 |       ||     2
       Royal jelly       |       |     1 |       ||     1
       Bread ration      |       |     1 |       ||     1
Armor: Scale mail        |   102 |    97 |    32 ||   231
Dodge: Dodged            |    48 |    41 |    10 ||    99
Block: Shield            |    87 |    81 |    11 ||   179
